 Dungeon Crawl Stone Soup version 0.19-a0-753-gae73b43 (webtiles) character file.

106249 GloryToUkraine the Quickloader (level 15, 0/135 HPs)
             Began as a Centaur Hunter on June 24, 2016.
             Was a High Priest of Hepliaklqana.
             Killed from afar by a shock serpent (20 damage)
             ... with a bolt of electricity
             ... on level 2 of the Snake Pit on June 25, 2016.
             The game lasted 02:30:03 (35286 turns).

GloryToUkraine the Quickloader (Centaur Hunter)    Turns: 35286, Time: 02:30:04

Health: 0/135      AC: 25    Str: 17    XL:     15   Next: 97%
Magic:  0/29       EV:  9    Int: 13    God:    Hepliaklqana [*****.]
Gold:   1897       SH:  0    Dex: 17    Spells: 3 memorised, 8 levels left

rFire  + . .     SeeInvis .     e - +3 arbalest (velocity)
rCold  . . .     Gourm    .     u - +5 chain mail "Ylyjidui" {Dex+3 Stlth+}
rNeg   . . .     Faith    .     (shield currently unavailable)
rPois  .         Spirit   +     O - +2 hat {Int+3}
rElec  .         Dismiss  .     Z - +2 cloak of Least Resistance {MP+9}
rCorr  .         Reflect  .     Y - +0 pair of gloves
SustAt .         Harm     .     (no barding)
MR     +....                    h - amulet of guardian spirit
Stlth  ..........               E - ring of protection from fire
                                p - +3 ring of protection

@: very quick, somewhat resistant to hostile enchantments, extremely unstealthy
A: hooves 3, horns 1, deformed body, speed 2, tough skin 3
a: Recall Ancestor, Ancestor Identity, Transference, Idealise, Renounce Religion


You were on level 2 of the Snake Pit.
You worshipped Hepliaklqana.
Hepliaklqana was extremely pleased with you.
You were very hungry.

You visited 5 branches of the dungeon, and saw 26 of its levels.
You also visited: Labyrinth, Sewer, Bailey and Ice Cave.

You collected 3163 gold pieces.
You spent 1266 gold pieces at shops.

Inventory:

Hand Weapons
 e - a +3 arbalest of velocity (weapon)
 q - a +0 demon trident of pain
Missiles
 x - 221 arrows
 N - 8 throwing nets
 R - 80 bolts (quivered)
Armour
 u - the +5 chain mail "Ylyjidui" (worn) {Dex+3 Stlth+}
   (You bought it in a shop on level 11 of the Dungeon)

   It affects your dexterity (+3).
   It makes you more stealthy.
 O - a +2 hat of intelligence (worn)
 Y - a +0 pair of gloves (worn)
 Z - the +2 cloak of Least Resistance (worn) {MP+9}
   (You found it in a labyrinth)

   It affects your magic capacity (+9).
Jewellery
 d - an uncursed ring of protection from cold
 h - an amulet of guardian spirit (around neck)
 p - a +3 ring of protection (left hand)
 E - a ring of protection from fire (right hand)
Wands
 y - a wand of disintegration (18/24)
 G - a wand of paralysis (10/24)
 H - a wand of iceblast (1/15)
 I - a wand of confusion (21/48)
 J - a wand of teleportation (7/9)
 U - a wand of disintegration (14/24)
 V - a wand of lightning (5/15)
 X - a wand of teleportation (5/9)
Scrolls
 i - 3 scrolls of magic mapping
 k - 3 scrolls of fog
 n - 7 scrolls of teleportation
 r - 8 scrolls of remove curse
 t - 4 scrolls of fear
 v - 2 scrolls of recharging
 A - 3 scrolls of immolation
 K - a scroll of silence
 L - a scroll of enchant armour {unknown}
 P - 2 scrolls of amnesia
 T - a scroll of brand weapon {unknown}
Potions
 b - 2 potions of cure mutation
 c - 3 potions of cancellation
 g - 9 potions of curing
 j - 3 potions of invisibility
 l - 5 potions of heal wounds
 m - 3 potions of ambrosia
 o - 3 potions of haste
 s - 7 potions of flight
 w - a potion of magic
 z - 4 potions of might
 B - 2 potions of mutation
 C - 2 potions of resistance
 F - 5 potions of lignification
 M - 4 potions of brilliance
 Q - 7 potions of agility
 W - 3 potions of berserk rage
Miscellaneous
 S - a phial of floods
Comestibles
 a - 9 beef jerkies
 f - 7 bread rations
 D - 8 meat rations


   Skills:
 - Level 13.0 Fighting
 - Level 10.0(11.1) Polearms
   Level 8.0(10.2) Staves
   Level 7.5 Bows
 * Level 14.9 Crossbows
 + Level 9.4 Armour
 + Level 7.1 Dodging
 - Level 0.5 Stealth
 - Level 7.3 Invocations
 - Level 3.2 Evocations


You had 8 spell levels left.
You knew the following spells:

 Your Spells              Type           Power        Failure   Level  Hunger
a - Apportation           Tloc           #.........   100%        1    ##.....
b - Blink                 Tloc           N/A          100%        2    ###....
c - Regeneration          Chrm/Necr      #.........   100%        3    ####...


Dungeon Overview and Level Annotations

Branches:
Dungeon (14/15)            Temple (1/1) D:7            Lair (6/6) D:8
 Shoals (0/4) Lair:4        Snake (3/4) Lair:2        Slime (0/5) Lair:6
    Orc (2/2) D:9             Elf (0/3) Orc:2        Vaults (0/5) D:14

Altars:
Ashenzari
Cheibriados
Dithmenos
Elyvilon
Fedhas
Gozag
Hepliaklqana
Kikubaaqudgha
Makhleb
Nemelex Xobeh
Okawaru
Pakellas
Qazlal
Ru
Sif Muna
Trog
Uskayaw
Vehumet
Xom
Yredelemnul
Zin
The Shining One

Shops:
D:7 *   D:11 %[[   Orc:1 (   Orc:2 (:!((   Snake:1 ?

Portals:
Hell: Lair:6
Trove: D:11 (show abyssal rune of Zot)

Annotations:
D:14 Rupert, Snorg, Urug


Innate Abilities, Weirdness & Mutations

You have hooves in place of feet.
Armour fits poorly on your strangely shaped body.
You cover ground very quickly.
You have extremely tough skin. (AC +3)
You have a pair of small horns on your head.


Message History

Aim: an anaconda (almost dead, constricting you)
You shoot a bolt. The bolt hits the anaconda!
You kill the anaconda!
The naga sharpshooter mumbles some strange words.
The naga sharpshooter magically shoots an arrow.
The arrow hits you.
The shock serpent shoots out a bolt of lightning at you!
The bolt of electricity hits Your mom.
The bolt of electricity misses you. The bolt of electricity hits you!
The bolt of electricity hits Your mom.
Your mom is destroyed!
The bolt of electricity hits the shock serpent.
The shock serpent completely resists.
The bolt of electricity hits the shock serpent.
The shock serpent completely resists.
You are feeling very hungry.
The shock serpent shoots out a bolt of lightning at you!
The bolt of electricity hits you!
The shock serpent shoots out a bolt of lightning at you!
The bolt of electricity hits you!
You die...

....##...#.#
#######.#...#
.....#.......
#.......#####
...........##
#....####
.........### #....##
.........# ##....#
#†..###### ##S...#
....# ####.....#
##)### #####......###
#...# #...#@.....#
#...# #.......#.##
#...#######......##.#
##........<......##.#
#####...........##.#
#..#...##......#
##.....##...####
###.........#
#...#.....#


You could see a shock serpent.

Vanquished Creatures
  A frost giant (IceCv)
  An orc warlord (Orc:1)
  A stone giant (Orc:1)
  A dire elephant (Lair:6)
  A minotaur (Lab)
  Erolcha (D:8)
  4 hydras
  A naga warrior (Snake:1)
  A catoblepas (Lair:4)
  A death knight (D:11)
  3 anacondas
  8 death yaks
  3 orc high priests
  3 naga sharpshooters
  3 shock serpents (Snake:2)
  A sun demon (Lair:6)
  A wizard (Lair:6)
  A naga ritualist (Snake:2)
  3 hill giants
  5 orc knights
  A wolf spider zombie (D:12)
  2 griffons
  5 ugly things
  A salamander (Snake:1)
  2 orc sorcerers
  3 mana vipers
  A cyclops (D:13)
  An oklob plant (Lair:2)
  A manticore (D:13)
  A sixfirhy (Lair:6)
  2 deep elf magi (Orc:1)
  Maurice (Orc:1)
  6 elephants (Lair:6)
  2 centaur zombies
  An ice statue (IceCv)
  10 black mambas
  A smoke demon (Lair:6)
  4 naga magi
  4 gargoyles
  3 orange demons (Lair:6)
  A rime drake (shapeshifter) (D:14)
  9 spiny frogs
  8 komodo dragons
  2 rime drakes (Lair:6)
  5 ice devils (Lair:6)
  A red devil (Lair:6)
  4 trolls
  18 polar bears
  Grinder (D:4)
  6 blink frogs
  2 shadows
  Sigmund (D:6)
  A basilisk (Lair:4)
  5 wyverns (Lair:4)
  Eustachio (D:4)
  49 yaks
  A hungry ghost (D:13)
  A golden eye (shapeshifter) (D:10)
  10 hippogriffs
  Menkaure (D:5)
  Edmund (D:5)
  5 wargs
  10 nagas
  11 water moccasins
  2 soldier ants (D:13)
  5 porcupines
  3 ice beasts
  An eye of draining (D:13)
  19 orc warriors
  2 phantoms
  3 wasps
  2 sky beasts
  7 ogres
  9 crocodiles
  20 wolves
  2 big kobolds
  8 gnoll sergeants (Bailey)
  18 giant frogs
  2 scorpions
  13 killer bees
  10 wights
  A howler monkey (D:12)
  2 hexers
  A giant frog zombie (D:5)
  2 crimson imps
  13 hounds
  19 orc priests
  4 giant frog skeletons
  6 gnoll shamans (Bailey)
  6 jellies
  16 orc wizards
  Crazy Yiuf (D:6)
  2 centaur skeletons
  14 iguanas
  A merfolk avatar (Sewer)
  8 worker ants
  A siren (Sewer)
  23 sheep
  6 hound zombies
  A hound skeleton (D:8)
  Robin (D:4)
  14 gnolls (Bailey)
  A howler monkey zombie (D:6)
  3 howler monkey skeletons
  A worker ant zombie (D:6)
  13 adders
  34 river rats
  3 shadow imps
  10 white imps (Orc:2)
  2 adder zombies
  2 worms
  A dart slug (D:2)
  4 giant geckos
  51 orcs
  3 bat zombies (D:7)
  9 giant cockroaches
  18 goblins
  6 hobgoblins
  5 jackals
  32 kobolds
  7 quokkas
  4 ball pythons (Sewer)
  6 bats
  A giant gecko skeleton (D:4)
  A giant gecko zombie (D:6)
  7 giant newts
  A jackal skeleton (D:5)
  2 jackal zombies (D:6)
  A quokka skeleton (D:6)
  A quokka zombie (D:6)
  25 rats
  2 rat zombies (D:7)
  A bush (Lair:2)
  A fungus (Lair:3)
  A plant (Lair:5)
777 creatures vanquished.

Vanquished Creatures (collateral kills)
  Gastronok (Lair:1)
  2 hydras
  A catoblepas (Lair:4)
  2 death yaks (Lair:6)
  An orc high priest (Orc:2)
  A naga sharpshooter (Snake:1)
  A deep elf knight (Orc:1)
  2 unseen horrors
  2 hill giants (D:11)
  A deep elf mage (Orc:1)
  An orc knight (Orc:2)
  3 orc sorcerers (Orc:2)
  A mana viper (Snake:2)
  3 black mambas
  Joseph (D:8)
  A torpor snail (Lair:6)
  3 elephants (Lair:6)
  Psyche (D:8)
  A naga mage (Snake:1)
  2 gargoyles
  4 spiny frogs
  2 komodo dragons
  2 blink frogs (Lair:1)
  A polar bear (IceCv)
  2 trolls (D:9)
  A two-headed ogre (Orc:1)
  A wyvern (D:11)
  2 hippogriffs
  A hungry ghost (D:13)
  6 yaks
  A naga (Snake:2)
  2 water moccasins
  A porcupine (Lair:4)
  A sky beast (D:8)
  2 orc warriors (Orc:1)
  3 ogres
  3 wolves
  2 crocodiles
  A giant frog (Lair:1)
  2 big kobolds
  A wight (D:11)
  2 killer bees
  A howler monkey (D:10)
  An orc priest (Orc:2)
  A giant frog zombie (D:8)
  2 jellies
  4 orc wizards
  A worker ant (Lair:1)
  3 sheep (Lair:6)
  An adder (D:12)
  11 river rats
  2 white imps (Orc:2)
  An ooze (Lair:6)
  8 orcs
  6 kobolds
116 creatures vanquished.

Vanquished Creatures (others)
  A black mamba (Snake:2)
  3 yaks
  A wolf (IceCv)
  2 ancestors
  29 hexers
  An orc (D:5)
  15 fungi
  5 plants
57 creatures vanquished.

Grand Total: 950 creatures vanquished

Notes
Turn   | Place    | Note
--------------------------------------------------------------
     0 | D:1      | GloryToUkraine the Centaur Hunter began the quest for the Orb.
     0 | D:1      | Reached XP level 1. HP: 17/17 MP: 1/1
   624 | D:1      | Reached XP level 2. HP: 14/25 MP: 2/2
  1368 | D:2      | Reached XP level 3. HP: 19/31 MP: 3/3
  1937 | D:3      | Reached XP level 4. HP: 25/40 MP: 4/4
  1997 | D:3      | Found a basalt altar of Yredelemnul.
  2479 | D:4      | Noticed Grinder
  2594 | D:4      | Reached skill level 1 in Staves
  2663 | D:4      | Reached XP level 5. HP: 21/46 MP: 5/5
  2910 | D:4      | Noticed Eustachio
  2922 | D:5      | Entered Level 5 of the Dungeon
  2922 | D:5      | Found a radiant altar of Vehumet.
  3031 | D:5      | Noticed an ogre
  3050 | D:5      | Found a glowing drain.
  3055 | D:5      | Killed an ogre
  3210 | D:5      | Reached XP level 6. HP: 38/52 MP: 6/6
  3225 | Sewer    | Entered a sewer
  4592 | D:5      | Noticed a water moccasin
  5119 | D:4      | Noticed Robin
  5138 | D:4      | Killed Robin
  5469 | D:4      | Reached XP level 7. HP: 39/59 MP: 7/7
  5625 | D:4      | Killed Eustachio
  5625 | D:4      | Reached skill level 5 in Staves
  5795 | D:4      | You fall through a shaft!
  5882 | D:5      | Found a shadowy altar of Dithmenos.
  6266 | D:5      | Reached XP level 8. HP: 46/67 MP: 8/8
  6434 | D:5      | Reached skill level 1 in Armour
  6544 | D:5      | Reached skill level 5 in Fighting
  6725 | D:5      | Noticed Menkaure
  6974 | D:4      | Killed Grinder
  7020 | D:5      | Killed Menkaure
  7648 | D:6      | Noticed Edmund
  7649 | D:6      | Noticed Sigmund
  7762 | D:5      | Killed Edmund
  7949 | D:6      | Reached XP level 9. HP: 70/75 MP: 9/9
  7990 | D:6      | Killed Sigmund
  8640 | D:6      | Found a runed door.
  8644 | D:6      | Noticed Crazy Yiuf
  8672 | D:6      | Killed Crazy Yiuf
  8862 | D:7      | Found a flagged portal.
  8942 | D:7      | Found Zin's Purification Station.
  8946 | D:7      | Found a glowing silver altar of Zin.
  9029 | D:7      | Reached skill level 5 in Dodging
  9075 | D:7      | Noticed a purple ugly thing
  9086 | D:7      | Found a staircase to the Ecumenical Temple.
  9180 | Bailey   | Entered a bailey
  9545 | Bailey   | Reached skill level 1 in Evocations
 10931 | D:5      | Reached XP level 10. HP: 88/88 MP: 11/11
 10998 | D:5      | Reached skill level 1 in Crossbows
 11343 | Temple   | Entered the Ecumenical Temple
 11429 | Temple   | Became a worshipper of Hepliaklqana
 11663 | D:7      | Found an ancient bone altar of Kikubaaqudgha.
 12064 | D:8      | Found an oddly glowing altar of Pakellas.
 12119 | D:8      | Noticed Joseph
 12133 | D:8      | Killed Joseph
 12133 | D:8      | Reached skill level 2 in Crossbows
 12308 | D:8      | Reached * piety under Hepliaklqana
 12407 | D:8      | Noticed Erolcha
 12434 | D:7      | Killed a purple ugly thing
 12434 | D:7      | Reached skill level 3 in Crossbows
 12549 | D:8      | Paralysed by Erolcha for 4 turns
 12584 | D:8      | Killed Erolcha
 12584 | D:8      | Reached skill level 4 in Crossbows
 12637 | D:8      | Found a staircase to the Lair.
 12683 | D:8      | Noticed Psyche
 12696 | D:8      | Killed Psyche
 12814 | D:9      | Reached skill level 5 in Crossbows
 12916 | D:9      | Found a staircase to the Orcish Mines.
 13019 | D:9      | Found a blossoming altar of Fedhas.
 13041 | D:9      | Found a snail-covered altar of Cheibriados.
 13126 | D:9      | Reached skill level 5 in Armour
 13276 | D:9      | Found a sacrificial altar of Ru.
 13391 | D:9      | Reached XP level 11. HP: 82/95 MP: 13/13
 13640 | D:10     | Entered Level 10 of the Dungeon
 13983 | D:10     | Reached ** piety under Hepliaklqana
 13985 | D:10     | Remembered your ancestor Your mom as a hexer
 14022 | D:10     | Reached skill level 6 in Crossbows
 14091 | D:10     | Noticed a hill giant
 14105 | D:10     | Killed a hill giant
 14861 | D:11     | Noticed a brown ugly thing
 14871 | D:11     | Killed a brown ugly thing
 14871 | D:11     | Reached skill level 7 in Crossbows
 14890 | D:11     | Noticed a hill giant
 14908 | D:11     | Killed a hill giant
 15045 | D:11     | Found Simmaes's Antique Armour Shoppe.
 15058 | D:11     | Learned a level 1 spell: Apportation
 15061 | D:11     | Learned a level 2 spell: Blink
 15064 | D:11     | Bought a dazzling leather armour for 224 gold pieces
 15075 | D:11     | Identified the cursed +1 leather armour "Sishrit" {Str+2 Int+3 Dex+3} (You bought it in a shop on level 11 of the Dungeon)
 15095 | D:11     | Noticed a death knight
 15113 | D:11     | Killed a death knight
 15284 | D:11     | Killed an unseen horror
 15494 | D:11     | Reached skill level 8 in Crossbows
 15742 | D:11     | Noticed a hill giant
 15752 | D:11     | Killed a hill giant
 15782 | D:11     | Reached skill level 10 in Fighting
 15895 | D:11     | Found Zoil Jel's Antique Armour Shop.
 15903 | D:11     | Bought a fine chain mail for 285 gold pieces
 15914 | D:11     | Identified the +5 chain mail "Ylyjidui" {Dex+3 Stlth+} (You bought it in a shop on level 11 of the Dungeon)
 15953 | D:11     | Found a portal to a secret trove of treasure.
 16030 | D:11     | Found Olyomel's Food Emporium.
 16324 | D:11     | Reached skill level 9 in Crossbows
 16354 | D:11     | Reached XP level 12. HP: 69/106 MP: 14/14
 16635 | D:12     | Reached *** piety under Hepliaklqana
 16683 | D:12     | Reached skill level 10 in Crossbows
 17372 | D:13     | Reached skill level 11 in Crossbows
 17568 | D:13     | Reached skill level 12 in Crossbows
 18513 | D:14     | Found a gate to the Vaults.
 18513 | D:14     | Noticed a five-headed hydra
 18513 | D:14     | Noticed Rupert
 18513 | D:14     | Noticed Urug
 18513 | D:14     | Noticed a centaur warrior
 18571 | D:14     | Noticed Snorg
 18695 | Lair:1   | Entered Level 1 of the Lair of Beasts
 18995 | Lair:1   | Reached **** piety under Hepliaklqana
 19365 | Lair:1   | Noticed Gastronok
 19375 | Lair:1   | Killed Gastronok
 19375 | Lair:1   | Reached skill level 13 in Crossbows
 19375 | Lair:1   | Reached skill level 1 in Invocations
 19517 | Lair:1   | Noticed an eight-headed hydra
 19530 | Lair:1   | Killed an eight-headed hydra
 19530 | Lair:1   | Reached XP level 13. HP: 109/113 MP: 15/15
 20004 | Lair:2   | Reached ***** piety under Hepliaklqana
 20138 | Lair:2   | Gained mutation: You have a pair of small horns on your head. [potion of beneficial mutation]
 20441 | Lair:2   | Found a staircase to the Snake Pit.
 22227 | Lair:4   | Found a labyrinth entrance.
 22246 | Lab      | Entered a labyrinth
 22366 | Lab      | Reached skill level 5 in Invocations
 22580 | Lab      | Noticed a minotaur
 22592 | Lab      | Killed a minotaur
 22622 | Lab      | Identified the Handbook of Bewitchment
 22623 | Lab      | Got a twisted cloak
 22634 | Lab      | Identified the +2 cloak of Least Resistance {MP+9} (You found it in a labyrinth)
 22652 | Lair:4   | Learned a level 3 spell: Regeneration
 22704 | Lair:4   | Reached skill level 14 in Crossbows
 22815 | Lair:4   | Reached skill level 1 in Polearms
 22855 | Lair:4   | Found a staircase to the Shoals.
 23072 | Lair:4   | Got a bloodstained ring mail
 23083 | Lair:4   | Identified the +1 ring mail of Gravity {rN+++ rCorr Int-4} (You found it on level 4 of the Lair of Beasts)
 24173 | Lair:5   | Reached ****** piety under Hepliaklqana
 24466 | Lair:5   | Found a shimmering altar of Xom.
 24685 | Lair:6   | Entered Level 6 of the Lair of Beasts
 24743 | Lair:6   | Found a staircase to the Slime Pits.
 24772 | Lair:6   | Reached XP level 14. HP: 108/122 MP: 19/19
 25236 | Lair:6   | Reached skill level 5 in Polearms
 25352 | Lair:6   | Found a burning altar of Makhleb.
 27186 | Lair:6   | Found a gateway to Hell.
 27728 | Orc:1    | Entered Level 1 of the Orcish Mines
 27728 | Orc:1    | Noticed Maurice
 27838 | Orc:1    | Killed Maurice
 28094 | Orc:1    | Noticed a stone giant
 28449 | Orc:1    | Killed a stone giant
 28706 | Orc:1    | Found Yzavef's Weapon Shoppe.
 28813 | Orc:1    | Reached XP level 15. HP: 82/134 MP: 20/20
 28851 | Orc:1    | Noticed an orc warlord
 28864 | Orc:1    | Killed an orc warlord
 29100 | Orc:2    | Entered Level 2 of the Orcish Mines
 29141 | Orc:2    | Found a staircase to the Elven Halls.
 29220 | Orc:2    | Found a frozen archway.
 29263 | IceCv    | Entered an ice cave
 30542 | IceCv    | Noticed a frost giant
 30583 | IceCv    | Killed a frost giant
 31476 | Orc:2    | Found Zagoabu's Antique Weapon Emporium.
 31718 | Orc:2    | Paralysed by an orc sorcerer for 6 turns
 32111 | Orc:2    | Paralysed by an orc sorcerer for 6 turns
 32223 | Orc:2    | Reached skill level 10 in Polearms
 32432 | Orc:2    | Found Edoabloxt's Weapon Shoppe.
 32432 | Orc:2    | Found Qopamp's Weapon Shoppe.
 32434 | Orc:2    | Found Megirhu's Distillery.
 32434 | Orc:2    | Found Kasunorph's Book Shop.
 32481 | Orc:2    | Bought a potion of agility for 44 gold pieces
 32481 | Orc:2    | Bought 2 potions of cancellation for 176 gold pieces
 32481 | Orc:2    | Bought a potion of curing for 33 gold pieces
 32481 | Orc:2    | Bought a potion of cancellation for 88 gold pieces
 32481 | Orc:2    | Bought a potion of curing for 33 gold pieces
 32481 | Orc:2    | Bought a potion of resistance for 110 gold pieces
 32481 | Orc:2    | Bought a potion of agility for 44 gold pieces
 32481 | Orc:2    | Bought a potion of might for 44 gold pieces
 32481 | Orc:2    | Bought a potion of heal wounds for 55 gold pieces
 32637 | Orc:1    | Upgraded the game from 0.19-a0-749-g66ae36b to 0.19-a0-753-gae73b43
 32749 | Snake:1  | Entered Level 1 of the Snake Pit
 33191 | Snake:1  | You fall through a shaft!
 33600 | Snake:2  | You fall through a shaft!
 33979 | Snake:1  | Found Pirut's Magic Scroll Boutique.
 34049 | Snake:1  | Bought a scroll of identify for 26 gold pieces
 34049 | Snake:1  | Bought a scroll of identify for 26 gold pieces
 34051 | Snake:1  | Bought a scroll of identify for 26 gold pieces
 34051 | Snake:1  | Bought 2 scrolls of identify for 52 gold pieces
 34650 | Snake:1  | Found a deep blue altar of Sif Muna.
 35286 | Snake:2  | Killed from afar by a shock serpent

Vault maps used:
D:1:      dpeg_arrival_rooms_b, minivault_23, roderic_roman_lattice,
          minmay_crystal_water
D:2:      kennysheep_generic_room_14
D:3:      marbit_many_paths
D:4:      first_bread, kennysheep_generic_room_13, uniq_eustachio, uniq_grinder,
          uniq_robin
D:5:      nicolae_dithmenos_through_a_glass_darkly, vehumet_altar_wand_db,
          gup_sewer_entry_glass, uniq_menkaure
D:6:      serial_undead, serial_undead_d, serial_undead_e, serial_undead_e,
          serial_undead_d, uniq_edmund, uniq_crazy_yiuf_cottage, uniq_sigmund
D:7:      lemuel_zombie_altar_kikubaaqudgha, zin_purify, enter_bailey_3,
          grunt_ogre_cave, hangedman_decor_diamond_cutter
D:8:      grunt_pakellas_basics, lair_0_dummy, uniq_joseph, uniq_psyche,
          uniq_erolcha
D:9:      kennysheep_kobold_camp, minitemple, lemuel_round_altar
D:11:     serial_shops, nicolae_shop_stone, nicolae_shop_overgrown_old_shop,
          shop_statue, enter_trove_3, amethyst_killhole
D:14:     minmay_box_of_curves, david_vaults_3, minmay_misc_feat_pillars,
          uniq_snorg
Temple:   nicolae_temple_figure_eight
Lair:1:   uniq_gastronok
Lair:2:   beast_lair_carwin_large_2, guppyfry_snake_entry_island,
          minmay_lair_oklob_bushes, serial_bayou_shore_b
Lair:3:   grunt_megastairs_4
Lair:4:   elwin_shoals_entry_rocks, lab_entry_generic, beast_lair_carwin_10,
          lemuel_fruit_fields, grunt_megastairs_2
Lair:5:   basic_altar
Lair:6:   evil_forest, nicolae_slime_entry_slimehenge, serial_bayou_shore_b,
          grunt_megastairs_1
Snake:1:  serial_shops, nicolae_shop_waterfront, basic_altar, spider_trap
Snake:3:  uniq_agnes, uniq_aizul
Orc:1:    serial_shops, shop, elf_legates, uniq_maurice
Orc:2:    st_orc_elflike, serial_shops, nicolae_shop_crystal,
          portal_ice_cave_entry_imps
Lab:      nicolae_lab_dead_adventurers, nicolae_lab_blocks, nicolae_lab_x
Sewer:    sewer_sea
Bailey:   bailey_polearm_gnolls_kennysheep, bailey
IceCv:    ice_cave_caverns_01

Skill      XL: |  1  2  3  4  5  6  7  8  9 10 11 12 13 14 15 |
---------------+----------------------------------------------+-----
Fighting       | 3 4 6 8 10 12 13 | 13.0
Staves         | 1 2 4 6 8 |  8.0
Bows           | 6 7 |  7.5
Dodging        | 2 3 5 7 |  7.1
Armour         | 3 5 6 7 8 9 |  9.4
Evocations     | 2 3 |  3.2
Crossbows      | 5 9 13 14 | 14.9
Invocations    | 2 7 |  7.3
Polearms       | 3 8 10 | 10.0
Stealth        | |  0.5

Action                   |  1- 3 |  4- 6 |  7- 9 | 10-12 | 13-15 || total
-------------------------+-------+-------+-------+-------+-------++-------
Melee: Short sword       |    77 |     6 |       |       |       ||    83
       Kick              |     9 |    52 |   183 |   226 |   507 ||   977
       Quarterstaff      |       |   247 |   549 |   733 |   244 ||  1773
       Mace              |       |    20 |       |       |       ||    20
       Arbalest          |       |       |       |     1 |     1 ||     2
       Demon trident     |       |       |       |       |  1282 ||  1282
       Headbutt          |       |       |       |       |   328 ||   328
 Fire: Shortbow          |    31 |    44 |    68 |     2 |       ||   145
       Arbalest          |       |       |       |   212 |   549 ||   761
Invok: Recall Ancestor   |       |       |       |    14 |    32 ||    46
       Ancestor Life: He |       |       |       |     1 |       ||     1
       Idealise          |       |       |       |       |     5 ||     5
       Transference      |       |       |       |       |     1 ||     1
Evoke: Wand              |       |     1 |    16 |       |       ||    17
  Use: Scroll            |     3 |     4 |     3 |     8 |    19 ||    37
       Potion            |       |     1 |       |     2 |     1 ||     4
 Stab: Paralysed         |       |       |    18 |     1 |    68 ||    87
       Confused          |       |       |     2 |    10 |    16 ||    28
       Petrifying        |       |       |     1 |     4 |     1 ||     6
       Distracted        |       |       |       |     6 |    11 ||    17
  Eat: Chunk             |     1 |     8 |    10 |    22 |    33 ||    74
       Bread ration      |       |     1 |     1 |     1 |     5 ||     8
       Royal jelly       |       |       |       |     1 |     1 ||     2
       Fruit             |       |       |       |     1 |     4 ||     5
       Pizza             |       |       |       |     1 |     1 ||     2
       Beef jerky        |       |       |       |       |     3 ||     3
Armor: Leather armour    |    26 |    60 |       |    17 |       ||   103
       Scale mail        |       |    51 |   242 |       |       ||   293
       Chain mail        |       |       |    27 |   458 |   967 ||  1452
Dodge: Dodged            |    36 |   119 |   190 |   198 |   454 ||   997
